← All builds
Tech / Armada / Economy first / OBSERVED BUILD

Sharpshooter snipers

Armada Tech (Eco) build order · Supreme Isthmus

Standard T2 rush into an early Sharpshooter-led sniper bot push around 8:10-8:38, pairing T2 constructor support for Geo with sniper bots fighting at the middle rather than just economy scaling.

Usually first T2 con to Geo (81%)

#t2 #raid · 99 distinct matches · 51 players · 3% of Armada Tech games · team won 27% of 100 · Recently observed

THE CATCH, AND WHAT COMES WITH IT
  • SharpshooterT2 bot snipers from 8:11 · 6% of role by thenFrom the Advanced Bot Lab. Only 6% of Tech games have it by then; others who build it get it around 9:07

Where those units first fight, in 98 games with kill data: in the middle 55%, on their own side 45%.

Those units destroy a typical 1,393 metal of enemy units by 15:00.

Then transitions into anti-nuke (13% of army).

HOW TO PLAY IT

Key timing: Sharpshooter out by 9:04

  1. Open standard T2 rush with Bot Lab first.
  2. Finish Advanced Bot Lab on the normal T2 timing.
  3. Upgrade mex as usual while eco scales.
  4. Push Sharpshooter snipers from Advanced Bot Lab to fight forward in middle.
  5. Keep producing T2 cons and anti-nuke for the team.

Phase by phase

TYPICAL OF ITS 99 GAMES · AGAINST STANDARD TECH
  1. 1
  2. 2
  3. 3
  4. 4
  5. 5
PLAY THE OPENING

Follow the example game's first 9:11 step by step: what to build now, what comes next, and where it goes. At 1× it keeps pace with your own game.

  1. 1

    Up to the Bot Lab

    Economy
    • Metal Extractor3Mex
    • Wind Turbine4Wind
    Order
    1. Bot LabBot Lab after 3 mex, 4 winddone ~1:17, middle half 1:13–1:38

    Some games also: energy storage (37%)

    By 1:00 in all: 3 mex · 4 wind

    The example game in this phase · 4 steps
    1. Mex ×3
    2. Wind ×7
    3. Energy storage
    4. Bot LabBot Labdone 1:53 · typical 1:17
  2. 2

    Bot Lab to Advanced Bot Lab

    Economy
    • Metal Extractor1Mex
    • Wind Turbine9Wind
    • Energy Storage1Energy storage
    Order
    1. Advanced Bot LabAdvanced Bot Lab after 4 mex, 13 wind, 3 con turretdone ~4:18, middle half 4:08–4:33
    Builders
    • Construction Turret3 Con turret
    • Lazarus3 Lazarus
    • Construction Bot2 Con bot
    • Construction Bot1 Con bot for allies

    Some games also: converter (43%)

    By 3:22 in all: 4 mex · 13 wind · 1 energy storage · 3 con turret

    The example game in this phase · 13 steps
    1. Construction BotCon bot
    2. LazarusLazarus
    3. Construction BotCon botfor Air
    4. LazarusLazarus
    5. Mex
    6. Construction BotCon bot
    7. Wind
    8. Con turret
    9. Wind
    10. Bot LabEat Bot Labreclaimed for its metal
    11. Con turret
    12. Wind ×2
    13. Advanced Bot LabAdvanced Bot Labdone 4:09 · typical 4:18
  3. 3

    Advanced Bot Lab to 5:00

    Economy
    • Wind Turbine1Wind−2 vs standard
    Order
    1. Bot LabEat Bot Lab
    Builders
    • Advanced Construction Bot1 T2 con bot for allies

    Some games also: converter (43%)

    By 5:00 in all: 4 mex · 15 wind · 2 converter · 1 energy storage · 3 con turret

    The example game in this phase · 3 steps
    1. Advanced Construction BotT2 con botfor Geo
    2. Advanced Metal ExtractorT2 mexdone 4:56 · typical 5:17
    3. Advanced Construction BotT2 con botfor Air
  4. 4

    5:00 to T2 bot snipers

    Economy
    • Wind Turbine16Wind+5 vs standard
    • Energy Converter1Converter
    Order
    1. SharpshooterT2 bot snipers after 4 mex, 32 wind, 5 converterdone ~8:39, middle half 7:41–9:48
    Builders
    • Butler4 Butler
    • Advanced Construction Bot3 T2 con bot for allies

    Some games also: T2 con bot (36%)

    By 8:10 in all: 4 mex · 32 wind · 5 converter (standard 3) · 1 energy storage · 3 con turret

    The example game in this phase · 39 steps
    1. Advanced Metal ExtractorT2 mex ×2
    2. Wind ×5
    3. Advanced Construction BotT2 con botfor Pond
    4. Wind ×2
    5. ButlerButler
    6. Wind
    7. ButlerButler
    8. Wind
    9. ButlerButler
    10. Advanced Metal ExtractorT2 mex
    11. Wind
    12. ButlerButler
    13. Wind
    14. Advanced Construction BotT2 con botfor Beach sea
    15. Wind ×8
    16. ButlerButler
    17. Wind
    18. Converter
    19. Wind
    20. ButlerButler
    21. Wind ×2
    22. ButlerButler
    23. Wind ×2
    24. ButlerButler
    25. Wind
    26. Converter
    27. Wind
    28. Advanced Construction BotT2 con botfor Geo sea
    29. Wind ×2
    30. Converter ×2
    31. Wind ×2
    32. Advanced Construction BotT2 con bot
    33. Converter
    34. Wind
    35. Converter
    36. Wind ×2
    37. Converter ×2
    38. Wind
    39. SharpshooterSniper botdone 9:04 · typical 8:39
  5. 5

    T2 bot snipers to 10:00

    Economy
    • Wind Turbine19Wind−11 vs standard
    Army
    • Sharpshooter1 Sniper bot

    Some games also: converter (48%) · Butler (45%) · T2 con bot for allies (42%)

    The standard build makes here, this one skips: 4 converter · 5 Butler

    By 10:00 in all: 4 mex · 54 wind · 8 converter · 1 energy storage · 3 con turret

    The example game in this phase · 159 steps
    1. Wind ×2
    2. Converter
    3. Wind
    4. Converter ×2
    5. Wind ×2
    6. Converter
    7. Wind
    8. Converter
    9. Wind
    10. SharpshooterSniper bot
    11. Wind
    12. Converter
    13. Wind ×2
    14. Converter
    15. Wind ×2
    16. Converter
    17. PinpointerPinpointer
    18. Wind ×2
    19. Converter ×2
    20. Wind
    21. Converter
    22. Wind
    23. Con turret
    24. Wind ×2
    25. Converter ×2
    26. Con turret
    27. Wind ×2
    28. Converter ×2
    29. Wind ×2
    30. Advanced Fusion ReactorAdvanced Fusion Reactordone 13:21
    31. Con turret
    32. Wind ×2
    33. Con turret
    34. Converter ×2
    35. Wind ×2
    36. Converter
    37. Con turret
    38. Wind ×2
    39. Converter
    40. Wind
    41. Converter
    42. Wind ×2
    43. Converter
    44. Wind
    45. Converter
    46. Wind ×2
    47. Converter
    48. Wind
    49. Converter
    50. Wind
    51. Converter
    52. Wind ×2
    53. Converter
    54. Wind ×2
    55. Converter
    56. Wind
    57. Converter
    58. Wind ×3
    59. Converter ×2
    60. Wind ×2
    61. Converter ×2
    62. Wind
    63. Advanced Bot LabEat Advanced Bot Labreclaimed for its metal
    64. Wind ×3
    65. Converter ×2
    66. Wind ×2
    67. Converter
    68. Wind ×2
    69. Converter
    70. Wind ×2
    71. Converter ×2
    72. Wind ×2
    73. Converter
    74. Wind ×2
    75. Con turret
    76. Converter ×2
    77. Con turret
    78. Wind ×3
    79. Converter
    80. Wind
    81. Converter
    82. Wind ×2
    83. Converter ×2
    84. Wind ×2
    85. Converter
    86. Wind ×2
    87. Converter ×2
    88. Wind ×2
    89. Converter
    90. Wind ×2
    91. Converter
    92. Wind ×2
    93. Converter ×2
    94. Con turret
    95. Wind ×2
    96. Con turret
    97. Converter
    98. Wind ×2
    99. Converter ×2
    100. Wind ×2
    101. Converter
    102. Metal storage
    103. Converter
    104. Wind ×4
    105. Converter ×2
    106. Wind ×2
    107. Converter
    108. Wind ×2
    109. JunoJuno
    110. Converter ×2
    111. Wind ×2
    112. Converter
    113. Wind
    114. Converter
    115. Wind
    116. Con turret ×2
    117. Wind
    118. Converter
    119. Wind
    120. Con turret
    121. Converter
    122. Con turret
    123. Wind ×2
    124. Con turret
    125. Converter
    126. Con turret ×2
    127. Wind ×2
    128. Con turret
    129. Converter
    130. Con turret
    131. Wind
    132. Con turret
    133. Wind
    134. Converter
    135. Advanced Fusion ReactorAdvanced Fusion Reactor
    136. Converter
    137. Wind
    138. Converter
    139. Wind ×2
    140. Converter
    141. Wind
    142. Converter
    143. Wind ×2
    144. Converter
    145. Wind ×2
    146. Converter
    147. Wind ×2
    148. Converter ×2
    149. Wind
    150. Converter
    151. Wind
    152. Converter
    153. Wind ×2
    154. Converter
    155. Wind ×2
    156. Converter
    157. Wind ×2
    158. Converter
    159. Wind

Counts are medians over the build's games: half of them build more, half fewer. The example game is Fullchord's (34 OS, 11/10/2026); pick another.

Team trades

IN AT LEAST 30% OF ITS GAMES

You hand over

  • Construction Bot1 Con bot to Airfirst at 2:24 · in 89% of games
  • Advanced Construction Bot5 T2 con bot to Geo sea or Air or Pondfirst at 4:59 · in 100% of games
  • Butler2 Butler to Geo sea or Beach seafirst at 10:30 · in 36% of games

You get

  • Hercules2 Light transport from Airfirst at 4:04 · in 88% of games

How it plays out

Typical game of this build against the role’s standard build, running totals by minute

  • This build
  • Standard tech

Metal produced

020k40k
0:005:0010:0015:00

metal

Enemy metal destroyed

01k2k3k
0:005:0010:0015:00

metal

Own metal lost

05001k
0:005:0010:0015:00

metal

100 games.

Show as table
ByMetal produced: This buildMetal produced: Standard techEnemy metal destroyed: This buildEnemy metal destroyed: Standard techOwn metal lost: This buildOwn metal lost: Standard tech
1:003833830000
2:009139150000
3:00160416510000
4:00309831430000
5:00487048480000
6:00595658000000
7:00752072270000
8:00930690610000
9:0011455111690000
10:001380213502179000
11:0016263162396490690
12:001900819652101401300
13:002228123441151203280
14:0026270273571782068074
15:003009231538248185910130
WHAT THE NUMBERS SAY

Won far less often than the standard build, losing a lot more metal for only a modest gain in enemy metal destroyed.

  • + Enemy metal destroyed by 15:00 well above standard (2598 vs 262).
  • − Team win rate collapses to 21% vs standard's 53%.
  • − Own metal lost by 15:00 far exceeds standard (1360 vs 196).
THE EXAMPLE YOU ARE READING

Fullchord

34.0 OS · 11/10/2026

Open source match ↗

1 received units
2023 metal received · 406371 energy received

Allied construction assistance is unknown. Timings are observations, not a promise of solo reproducibility.

Typical milestones

Bot Lab1:17Middle 50%: 1:13–1:38 · n=100
Advanced Bot Lab4:18Middle 50%: 4:08–4:33 · n=100
Advanced Metal Extractor5:17Middle 50%: 4:57–5:41 · n=100
Sharpshooter8:39Middle 50%: 7:41–9:48 · n=100

Played most by

Amrissa15games of this buildDRM6games of this buildTheGeneraI5games of this buildenderOS14games of this buildKontraption4games of this build